 Dungeon Crawl Stone Soup version 0.29-a0-472-ge5599a681e (webtiles) character file.

Game seed: 13221285015551150065

6 dabmancer the Magician (level 2, -1/19 HPs)
             Began as a Human Hedge Wizard on May 22, 2022.
             Slain by a crimson imp (2 damage)
             ... summoned by Natasha
             ... on level 2 of the Dungeon.
             The game lasted 00:01:45 (499 turns).

dabmancer the Magician (Human Hedge Wizard)          Turns: 499, Time: 00:01:45

Health: -1/19      AC:  2    Str: 10    XL:     2   Next: 0%
Magic:  4/6        EV: 12    Int: 14    God:
Gold:   52         SH:  0    Dex: 12    Spells: 6/7 levels left

rFire   . . .      SeeInvis .   a - +0 dagger
rCold   . . .      Faith    .   (no shield)
rNeg    . . .      Spirit   .   b - +0 robe
rPois   .          Reflect  .   c - +0 hat
rElec   .          Harm     .   (no cloak)
rCorr   .          Rampage  .   (no gloves)
Will    .....                   (no boots)
Stlth   ++........              (no amulet)
HPRegen 0.06/turn               (no ring)
MPRegen 0.10/turn               (no ring)

@: no status effects
A: no striking features
a: no special abilities


You were on level 2 of the Dungeon.
You visited 1 branch of the dungeon, and saw 2 of its levels.

You collected 52 gold pieces.

Inventory:

Hand Weapons
 a - a +0 dagger (weapon)
 h - a +0 hunting sling
Missiles
 e - 3 stones
Armour
 b - a +0 robe (worn)
 c - a +0 hat (worn)
Scrolls
 g - 2 scrolls of identify {unknown}
 i - a scroll of teleportation {unknown}
Potions
 d - a potion of magic
 f - a potion of attraction {unknown}


   Skills:
 + Level 2.0 Dodging
 + Level 2.1 Stealth
 + Level 3.2 Spellcasting
 + Level 1.2 Conjurations
 + Level 1.0 Summonings
 + Level 1.0 Translocations


You had 6 spell levels left.
You knew the following spells:

 Your Spells              Type           Power      Damage    Failure   Level
a - Magic Dart            Conj           20%        1d4       13%         1

Your spell library contained the following spells:

 Spells                   Type           Power      Damage    Failure   Level
 Slow                     Hex            8%         N/A       22%         1
 Blink                    Tloc           10%        N/A       22%         2
 Call Imp                 Summ           5%         N/A       22%         2
 Conjure Flame            Conj/Fire      3%         6-21      45%         3
 Mephitic Cloud           Conj/Pois/Air  3%         N/A       47%         3


Dungeon Overview and Level Annotations

Branches:
Dungeon (1/15)

Altars:
The Shining One

Annotations:
D:2 Natasha


Message History

You fall into a shaft and drop 1 floor!
The shaft crumbles and collapses.
Found a scroll labelled NEMIRU XEBRI.
Found a glowing golden altar of the Shining One.
There is a glowing golden altar of the Shining One here.
i - a scroll labelled NEMIRU XEBRI
There is a glowing golden altar of the Shining One here.
You kneel at the altar of the Shining One.
You now have 52 gold pieces (gained 17).
Natasha, Servant of Life and Death comes into view.
The magic dart hits Natasha.
Natasha is moderately wounded.
Natasha hisses angrily.
The magic dart hits Natasha.
Natasha is moderately wounded.
The magic dart hits Natasha but does no damage.
Natasha is moderately wounded.
Natasha claws you.
You closely miss Natasha.
Natasha is moderately wounded.
Natasha stares at you and mumbles some strange words.
The magic dart hits you!
You hit Natasha.
Natasha is heavily wounded.
Natasha closely misses you.
You closely miss Natasha.
Natasha is heavily wounded.
Natasha claws you.
You closely miss Natasha.
Natasha is heavily wounded.
Natasha claws you.
* * * LOW HITPOINT WARNING * * *
Natasha casts a spell.
The crimson imp attacks as you move away!
The crimson imp misses you.
The crimson imp attacks as you move away!
The crimson imp hits you but does no damage.
The crimson imp attacks as you move away!
The crimson imp hits you.
You die...

#......#
#......#
###.##.##.#
#.##.##.#
#.##.##.#
#.##.##.#
#.##.##.#
###.##.##.#
...##@##.#
#.##5##.#
#####.......#
#........####
#.###.#### #.
#. .. ##


You could see a crimson imp (summoned).

Vanquished Creatures
  An endoplasm (D:1)
  A hobgoblin (D:1)
  2 kobolds (D:1)
  A bat (D:1)
5 creatures vanquished.

Notes
Turn   | Place    | Note
-------+----------+-------------------------------------------
     0 | D:1      | dabmancer the Human Hedge Wizard began the quest for the
                  | Orb.
     0 | D:1      | Reached XP level 1. HP: 13/13 MP: 4/4
   349 | D:1      | Reached XP level 2. HP: 19/19 MP: 4/6
   454 | D:1      | You fall into a shaft and drop 1 floor!
   454 | D:2      | Found a glowing golden altar of the Shining One.
   488 | D:2      | Noticed Natasha
   497 | D:2      | Noticed a crimson imp
   499 | D:2      | Slain by a crimson imp

Illustrated notes

Levels and vault maps discovered:
D:1:      amcnicky_arrival_single_pillar, layout_basic
D:2:      layout_loops_ring, basic_altar, serial_shops, shop,
          chequers_hall_statues_corner_a, uniq_natasha

Action                   || total
-------------------------++-------
Melee: Dagger            ||    21
 Cast: Magic Dart        ||    11
Armor: Robe              ||     3
Dodge: Dodged            ||    11

Table legend: (Time is in decaauts)
 A = Elapsed time spent in this place.
 B = Non-inter-level travel time spent in this place.
 C = Inter-level travel time spent in this place.
 D = Time resting spent in this place.
 E = Time spent auto-exploring this place.
 F = Levels seen in this place.
 G = Mean time per level.
                   A        B        C        D        E       F      G
               +--------+--------+--------+--------+--------+-----+--------+
         Total |    498 |    498 |      0 |    191 |    196 |   2 |  249.0 |
       Dungeon |    498 |    498 |      0 |    191 |    196 |   2 |  249.0 |
               +--------+--------+--------+--------+--------+-----+--------+

Top non-repeatable levels by time:
     D:1: 454 daAuts
     D:2: 44 daAuts
